 Dungeon Crawl Stone Soup version 0.31-a0-232-gb1c03b2570 (webtiles) character file.

Game seed: 15560423325369802513

596 qw the Shooter (level 7, -5/59 HPs)
             Began as a Minotaur Hexslinger on July 7, 2023.
             Slain by a gnoll sergeant
             ... wielding a +0 spear
              (9 damage)
             ... on level 5 of the Dungeon.
             The game lasted 00:01:28 (4203 turns).

qw the Shooter (Minotaur Hexslinger)                Turns: 4203, Time: 00:01:29

Health: -5/59      AC:  5    Str: 16    XL:     7   Next: 17%
Magic:  7/7        EV: 12    Int: 10    God:
Gold:   224        SH:  0    Dex: 15    Spells: 7/8 levels left

rFire   . . .        c - +0 orcbow
rCold   + . .        (shield currently unavailable)
rNeg    . . .        e - +0 leather armour {rF+}
rPois   .            (helmet restricted)
rElec   .            f - +0 cloak
rCorr   .            (no gloves)
SInv    .            n - +0 pair of boots
Will    .....        m - amulet of faith
Stlth   +            (no ring)
HPRegen 0.29/turn    l - ring of Rapuymel {Ice Str+4}
MPRegen 0.10/turn

%: faith
@: about to teleport
A: horns 2, retaliatory headbutt
a: no special abilities


You were on level 5 of the Dungeon.
You visited 1 branch of the dungeon, and saw 5 of its levels.

You collected 224 gold pieces.


Innate Abilities, Weirdness & Mutations

You have a pair of horns on your head.
You reflexively headbutt those who attack you in melee.


   Skills:
 - Level 4.1 Fighting
 + Level 7.7 Ranged Weapons
 - Level 1.3 Armour
 - Level 2.1 Dodging
 - Level 1.0 Spellcasting
 - Level 2.0 Hexes


You had 7 spell levels left.
You knew the following spells:

 Your Spells              Type           Power      Damage    Failure   Level
a - Slow                  Hex            16%        N/A       19%         1

Your spell library contained the following spells:

 Spells                   Type           Power      Damage    Failure   Level
 Inner Flame              Hex/Fire       2%         N/A       63%         3
 Portal Projectile        Hex/Tloc       4%         N/A       63%         3
 Cause Fear               Hex            2%         N/A       88%         4

Inventory:

Hand Weapons
 b - the +7 sling "Uckumao" {freeze, rElec rF+ rC- Int+3}
   (You found it on level 4 of the Dungeon)

   Int:       It affects your intelligence (+3).
   rF:        It protects you from fire.
   rC:        It makes you vulnerable to cold.
   rElec:     It insulates you from electricity.
 c - a +0 orcbow (weapon)
Armour
 e - a +0 leather armour of fire resistance (worn)
 f - a +0 cloak (worn)
 n - a +0 pair of boots (worn)
Jewellery
 k - a ring of ice
 l - the ring of Rapuymel (right hand) {Ice Str+4}
   (You found it on level 4 of the Dungeon)

   [ring of ice]

   It enhances your ice magic.
   Str:       It affects your strength (+4).
   rF:        It makes you vulnerable to fire.
   rC:        It protects you from cold.
 m - an amulet of faith (around neck)
Scrolls
 j - a scroll of teleportation
Potions
 a - a potion of enlightenment {unknown}
 d - a potion of haste {unknown}
 g - a potion of brilliance {unknown}
 h - a potion of lignification {unknown}
 i - a potion of curing
 o - a potion of mutation {unknown}
 q - a potion of heal wounds {unknown}

Dungeon Overview and Level Annotations

Branches:
Dungeon (5/15)
 Temple: D:4-7

Altars:

Shops:
D:4 *

Annotations:
D:4 1 runed translucent door, qw's ghost, amateur MiHs


Message History

The gnoll sergeant hits you from afar with a +0 spear.
The gnoll barely misses you. The gnoll completely misses you.
You furiously retaliate!
You headbutt the gnoll!
You kill the gnoll!
The gnoll sergeant hits you from afar with a +0 spear.
You shoot an arrow. The arrow hits the gnoll!
You kill the gnoll!
The gnoll sergeant barely misses you.
You shoot an arrow. The gnoll sergeant blocks the arrow.
The gnoll sergeant hits you from afar with a +0 spear!
You shoot an arrow. The arrow closely misses the gnoll.
The gnoll barely misses you. You furiously retaliate!
You headbutt the gnoll, but do no damage.
The gnoll sergeant hits you from afar with a +0 spear!
You shoot an arrow. The arrow hits the gnoll.
The gnoll is lightly wounded.
The gnoll closely misses you. You furiously retaliate!
You headbutt the gnoll.
The gnoll sergeant hits you from afar with a +0 spear!
You shoot an arrow. The arrow hits the gnoll!
You kill the gnoll!
The gnoll sergeant barely misses you.
You shoot an arrow. The arrow hits the gnoll sergeant.
The gnoll sergeant is lightly wounded.
The gnoll sergeant misses you.
You shoot an arrow. The arrow hits the gnoll sergeant.
The gnoll sergeant is moderately wounded.
The gnoll sergeant hits you from afar with a +0 spear!
The gnoll sergeant barely misses you.
4201 ||| READING 2 scrolls of teleportation.
As you read the scroll of teleportation, it crumbles to dust.
You feel strangely unstable.
The gnoll sergeant hits you from afar with a +0 spear!
You shoot an arrow.
The arrow hits the gnoll sergeant but does no damage.
The gnoll sergeant is moderately wounded.
The gnoll sergeant barely misses you.
You shoot an arrow.
The arrow barely misses the gnoll sergeant.
The gnoll sergeant hits you from afar with a +0 spear!
You die...

#..# #..#
#..# #..#
#..# #..#
##### #..#
.....g#).#
#.))@.#
######..#
#..# #..#
# #..# #
##.


You could see a gnoll sergeant.

Vanquished Creatures
  An orc warrior (D:5)
  Blork the orc (D:5)
  3 hounds
  An orc priest (D:3)
  A sleepcap (D:4)
  Natasha (thrice) (D:4)
  3 orc wizards
  3 gnolls (D:5)
  2 adders
  An ufetubus (D:4)
  3 dart slugs
  18 orcs
  3 bats
  6 endoplasms
  A giant cockroach (D:2)
  8 goblins
  5 hobgoblins
  2 jackals (D:1)
  5 kobolds
  5 quokkas
  8 ball pythons
  3 frilled lizards
  3 rats
89 creatures vanquished.

Vanquished Creatures (others)
  An orc (D:4)
1 creature vanquished.

Grand Total: 90 creatures vanquished

Notes
Turn   | Place    | Note
-------+----------+-------------------------------------------
     0 | D:1      | qw the Minotaur Hexslinger began the quest for the Orb.
     0 | D:1      | Reached XP level 1. HP: 16/16 MP: 1/1
     0 | D:1      | 0 ||| qw: Version: 0.3-a-46-gb1f654a
     0 | D:1      | 0 ||| qw: Game counter: 2427
     0 | D:1      | 0 ||| qw: Melee chars always use a shield: true
     0 | D:1      | 0 ||| qw: God list: Okawaru
     0 | D:1      | 0 ||| qw: Allow faded altars: false
     0 | D:1      | 0 ||| qw: Do Orc after clearing Dungeon:15 true
     0 | D:1      | 0 ||| qw: Do second Lair branch before Depths: true
     0 | D:1      | 0 ||| qw: Lair rune preference: random
     0 | D:1      | 0 ||| qw: Goals: Normal
     0 | D:1      | 0 ||| PLANNING D:1-11
    47 | D:1      | Found a faded altar of an unknown god.
   378 | D:1      | Reached skill level 3 in Ranged Weapons
   378 | D:1      | Reached XP level 2. HP: 23/23 MP: 2/2
   390 | D:1      | 390 ||| FLEEEEING.
   391 | D:1      | 391 ||| FLEEEEING.
   845 | D:1      | 845 ||| UPGRADING to +0 cloak.
   850 | D:1      | 850 ||| READING scroll labelled LOECRUCREF.
   851 | D:1      | 851 ||| DROPPING scroll of poison.
  1140 | D:2      | Reached XP level 3. HP: 18/29 MP: 3/3
  1317 | D:2      | Reached skill level 4 in Ranged Weapons
  1842 | D:2      | 1842 ||| READING scroll labelled ASKISUROEK.
  1843 | D:2      | 1843 ||| READING scroll labelled KIG MIWOLAWN.
  1844 | D:2      | 1844 ||| READING scroll labelled NOLEEPS LINNEK.
  1845 | D:2      | 1845 ||| READING scroll labelled TYNGEBL MIFEWN.
  1899 | D:3      | Reached XP level 4. HP: 36/36 MP: 4/4
  1904 | D:3      | HP: 9/36 [orc priest/divine providence (10)]
  1906 | D:3      | HP: 3/36 [orc/+1 dagger of holy wrath (2)]
  1907 | D:3      | Reached skill level 5 in Ranged Weapons
  2418 | D:3      | 2418 ||| FLEEEEING.
  2420 | D:3      | 2420 ||| FLEEEEING.
  2983 | D:3      | 2983 ||| UPGRADING to +0 leather armour.
  2993 | D:3      | 2993 ||| DROPPING +0 robe.
  2994 | D:3      | 2994 ||| UPGRADING to +0 leather armour of fire resistance.
  3004 | D:3      | 3004 ||| DROPPING +0 leather armour.
  3005 | D:3      | 3005 ||| UPGRADING to amulet of faith.
  3010 | D:3      | 3010 ||| READING 2 scrolls labelled BUOTEH XAIMPOO.
  3011 | D:3      | 3011 ||| DROPPING scroll of noise.
  3045 | D:4      | Identified the +7 sling "Uckumao" {freeze, rElec rF+ rC-
                  | Int+3}
  3047 | D:4      | 3047 ||| SWAPPING to +7 sling "Uckumao" {freeze, rElec rF+
                  | rC- Int+3}.
  3048 | D:4      | 3048 ||| DROPPING +2 sling.
  3062 | D:4      | Reached XP level 5. HP: 42/42 MP: 5/5
  3086 | D:4      | Noticed Natasha
  3090 | D:4      | Killed Natasha
  3091 | D:4      | Reached skill level 3 in Fighting
  3138 | D:4      | Found Saur's Fire Supplies.
  3140 | D:4      | Noticed Natasha
  3145 | D:4      | Killed Natasha
  3160 | D:4      | Identified the ring of Rapuymel {Ice Str+4}
  3169 | D:4      | 3169 ||| SHOPLISTING +2 pair of gloves of fire resistance
                  | (279 gold, have 202).
  3169 | D:4      | 3169 ||| SHOPLISTING ring of fire (325 gold, have 202).
  3339 | D:4      | 3339 ||| FLEEEEING.
  3340 | D:4      | 3340 ||| FLEEEEING.
  3341 | D:4      | 3341 ||| FLEEEEING.
  3342 | D:4      | 3342 ||| FLEEEEING.
  3343 | D:4      | 3343 ||| FLEEEEING.
  3344 | D:4      | 3344 ||| FLEEEEING.
  3345 | D:4      | 3345 ||| FLEEEEING.
  3346 | D:4      | 3346 ||| FLEEEEING.
  3347 | D:4      | 3347 ||| FLEEEEING.
  3348 | D:4      | 3348 ||| FLEEEEING.
  3349 | D:4      | 3349 ||| FLEEEEING.
  3350 | D:4      | 3350 ||| FLEEEEING.
  3351 | D:4      | 3351 ||| FLEEEEING.
  3356 | D:4      | 3356 ||| FLEEEEING.
  3357 | D:4      | 3357 ||| FLEEEEING.
  3358 | D:4      | 3358 ||| FLEEEEING.
  3359 | D:4      | 3359 ||| FLEEEEING.
  3360 | D:4      | 3360 ||| FLEEEEING.
  3361 | D:4      | 3361 ||| FLEEEEING.
  3362 | D:4      | 3362 ||| FLEEEEING.
  3363 | D:4      | 3363 ||| FLEEEEING.
  3364 | D:4      | 3364 ||| FLEEEEING.
  3365 | D:4      | 3365 ||| FLEEEEING.
  3366 | D:4      | 3366 ||| FLEEEEING.
  3367 | D:4      | 3367 ||| FLEEEEING.
  3373 | D:4      | 3373 ||| FLEEEEING.
  3374 | D:4      | 3374 ||| FLEEEEING.
  3380 | D:4      | 3380 ||| FLEEEEING.
  3381 | D:4      | 3381 ||| FLEEEEING.
  3382 | D:4      | 3382 ||| FLEEEEING.
  3383 | D:4      | 3383 ||| FLEEEEING.
  3389 | D:4      | 3389 ||| FLEEEEING.
  3390 | D:4      | 3390 ||| FLEEEEING.
  3391 | D:4      | 3391 ||| FLEEEEING.
  3392 | D:4      | 3392 ||| FLEEEEING.
  3397 | D:4      | 3397 ||| FLEEEEING.
  3398 | D:4      | 3398 ||| FLEEEEING.
  3420 | D:4      | Reached skill level 6 in Ranged Weapons
  3421 | D:4      | Reached skill level 1 in Armour
  3440 | D:4      | 3440 ||| Invisibility monster not found???
  3617 | D:4      | Noticed Natasha
  3621 | D:4      | Killed Natasha
  3622 | D:4      | Reached XP level 6. HP: 52/52 MP: 6/6
  3790 | D:4      | Found a runed translucent door.
  3794 | D:4      | Noticed qw's ghost (amateur MiHs)
  3985 | D:4      | 3985 ||| UPGRADING to +0 pair of boots.
  3990 | D:4      | 3990 ||| DROPPING scarf of harm.
  3991 | D:4      | 3991 ||| UPGRADING to ring of ice.
  3992 | D:4      | 3992 ||| UPGRADING to ring of Rapuymel {Ice Str+4}.
  3993 | D:4      | 3993 ||| REMOVING ring of ice.
  3994 | D:4      | 3994 ||| READING scroll labelled DAOXKAB COIWNO.
  4016 | D:5      | Entered Level 5 of the Dungeon
  4037 | D:5      | Noticed Blork the orc
  4043 | D:5      | Killed Blork the orc
  4044 | D:5      | Reached skill level 7 in Ranged Weapons
  4087 | D:5      | Noticed an orc warrior
  4089 | D:5      | 4089 ||| FLEEEEING.
  4090 | D:5      | 4090 ||| FLEEEEING.
  4091 | D:5      | 4091 ||| FLEEEEING.
  4092 | D:5      | 4092 ||| FLEEEEING.
  4093 | D:5      | 4093 ||| FLEEEEING.
  4094 | D:5      | 4094 ||| FLEEEEING.
  4095 | D:5      | 4095 ||| FLEEEEING.
  4096 | D:5      | 4096 ||| FLEEEEING.
  4097 | D:5      | 4097 ||| FLEEEEING.
  4098 | D:5      | 4098 ||| FLEEEEING.
  4099 | D:5      | 4099 ||| FLEEEEING.
  4100 | D:5      | 4100 ||| FLEEEEING.
  4101 | D:5      | 4101 ||| FLEEEEING.
  4102 | D:5      | 4102 ||| FLEEEEING.
  4103 | D:5      | 4103 ||| FLEEEEING.
  4104 | D:5      | 4104 ||| FLEEEEING.
  4105 | D:5      | 4105 ||| FLEEEEING.
  4106 | D:5      | 4106 ||| FLEEEEING.
  4110 | D:5      | Killed an orc warrior
  4111 | D:5      | Reached XP level 7. HP: 54/59 MP: 7/7
  4188 | D:5      | 4188 ||| SWAPPING to +0 orcbow.
  4200 | D:5      | HP: 10/59 [gnoll sergeant/+0 spear (12)]
  4201 | D:5      | 4201 ||| READING 2 scrolls of teleportation.
  4201 | D:5      | HP: 3/59 [gnoll sergeant/+0 spear (7)]
  4203 | D:5      | Slain by a gnoll sergeant

Levels and vault maps discovered:
D:1:      spicycebolla_green_bress_n_ham_2, layout_loops_corners,
          basic_ecumenical_altar
D:2:      layout_loops_corners
D:3:      layout_basic, guppyfry_early_orc_mine
D:4:      layout_loops_ring, ebering_ghost_reflecting_pool,
          minmay_misc_feat_chi, nicolae_shop_fire_sale [nicolae_sub_dead_trees],
          uniq_natasha
D:5:      layout_cave_pods, serial_shops, shop, uniq_duvessa, uniq_blork_the_orc

Skill      XL: |  1  2  3  4  5  6 |
---------------+-------------------+-----
Ranged Weapons | 3 4 5 6 7 |  7.7
Fighting       | 2 3 4 |  4.1
Armour         | 1 |  1.3
Dodging        | |  2.1
Spellcasting   | |  1.0
Hexes          | |  2.0

Action                     |  1- 3 |  4- 6 |  7- 9 || total
---------------------------+-------+-------+-------++-------
   Fire: Sling             |    97 |   154 |       ||   251
         Orcbow            |       |       |    14 ||    14
    Use: Scroll            |     5 |     2 |     1 ||     8
 Armour: Robe              |     7 |     3 |       ||    10
         Leather armour    |       |     5 |       ||     5
  Dodge: Dodged            |    28 |    28 |    15 ||    71

Table legend:
 A = Non-vault XP
 B = Vault XP
 C = Vault XP percentage of total XP
 D = Non-vault monster count
 E = Vault monster count
 F = Vault count percentage of total count
                 A         B        C        D         E       F
            +---------+---------+-------+---------+---------+-------
      Total |     714 |     138 |  16.2 |      80 |       9 |  10.1
            +---------+---------+-------+---------+---------+-------
        D:1 |      27 |       0 |   0.0 |      16 |       0 |   0.0
        D:2 |      49 |       0 |   0.0 |      20 |       0 |   0.0
        D:3 |      99 |      16 |  13.9 |      11 |       7 |  38.9
        D:4 |     316 |      35 |  10.0 |      25 |       1 |   3.8
        D:5 |     223 |      87 |  28.1 |       8 |       1 |  11.1
            +---------+---------+-------+---------+---------+-------
